 Dungeon Sprint DCSS version 0.31-a0-16-g6d2539766c (webtiles) character file.

Game seed: 7318115495430535226

21 sircluck the Trooper (level 2, 0/28 HPs)
             Began as a Hill Orc Fighter on May 8, 2023.
             Slain by Crazy Yiuf
             ... wielding a +2 quarterstaff of chaos
              (1 damage)
             ... in the Dungeon (Sprint III: "The Ten Rune Challenge").
             The game lasted 00:00:25 (189 turns).

sircluck the Trooper (Hill Orc Fighter)              Turns: 189, Time: 00:00:26

Health: 0/28       AC:  7    Str: 18    XL:     2   Next: 87%
Magic:  2/2        EV:  9    Int:  8    God:
Gold:   6          SH:  4    Dex: 10    Spells: 1/1 levels left

rFire   . . .        a - +0 war axe
rCold   . . .        c - +0 buckler
rNeg    . . .        b - +0 scale mail
rPois   .            (no helmet)
rElec   .            (no cloak)
rCorr   .            (no gloves)
SInv    .            (no boots)
Will    .....        (no amulet) Stlth
                     (no ring)
HPRegen 0.24/turn    (no ring)
MPRegen 0.08/turn

%: no teleportation
@: no status effects
A: no striking features
a: no special abilities


You were in the Dungeon.
You visited 1 branch You collected 6 gold pieces.

Inventory:

Hand Weapons
 a - a +0 war axe (weapon)
Armour
 b - a +0 scale mail (worn)
 c - a +0 buckler (worn)
Scrolls
 j - a scroll of blinking
Potions
 e - a potion of curing
 f - a potion of heal wounds
 g - 3 potions of haste
 h - 2 potions of magic
 i - a potion of berserk rage


   Skills:
 + Level 4.9 Fighting
 + Level 4.1 Axes
 + Level 4.5 Armour
 + Level 0.2 Dodging
 + Level 4.4 Shields


You had one spell level left.
You didn't know any spells.
Your spell library was empty.

Dungeon Overview and Level Annotations

Branches:
Dungeon (1/1)

Altars:

Annotations:
D Crazy Yiuf


Message History

The human is heavily wounded.
The human hits you.
You barely miss the human.
The human is heavily wounded.
The human hits you! The human hits you.
* * * LOW HITPOINT WARNING * * *
You slash the human!
The human is almost dead.
The human closely misses you.
You barely miss the human.
The human is almost dead.
The human barely misses you.
You barely miss the human.
The human is almost dead.
You block the human's attack. The human hits you but does no damage.
You slice the human!!
You kill the human!
Your Axes skill increases to level 4!
Your Armour skill increases to level 4!
Your Shields skill increases to level 4!
You have reached level 2!
Unknown command.
You feel a little less mighty now.
HP restored.
There is an open door, spattered with blood here.
Crazy Yiuf the Enlightened comes into view.
He is wielding a +2 quarterstaff of chaos and wearing a +1 cloak of stealth.
Crazy Yiuf shouts!
Crazy Yiuf hits you with a +2 quarterstaff of chaos!
You hit Crazy Yiuf but do no damage. Crazy Yiuf misses you.
You hit Crazy Yiuf.
Crazy Yiuf is lightly wounded.
Crazy Yiuf hits you with a +2 quarterstaff of chaos!
* * * LOW HITPOINT WARNING * * *
Crazy Yiuf draws strength from your wounds!
Crazy Yiuf closely misses you.
You slash Crazy Yiuf!
Crazy Yiuf is severely wounded.
Crazy Yiuf hits you with a +2 quarterstaff of chaos.
* * * LOW HITPOINT WARNING * * *
Crazy Yiuf freezes you.
You die...

▓▓▓▓ ▓▓▓▓▓▓▓
▓<.# +...♣.♣♣
▓..# #......♣
▓#'####......♣
▓.....#....~♣♣♣
▓.....#...~~♣.♣.
▓.....#g.~~~~♣..
▓####'#@.~≈≈~~~.
▓....†#.~~≈~~~..
▓.....#.~≈~~~...
▓.....#.~~~.....
▓'#####.........
▓...............
▓▓▓▓▓▓▓▓▓▓▓▓▓▓▓▓


You could see Crazy Yiuf.

Vanquished Creatures
  A human (D)
  An endoplasm (D)
  3 rats (D)
5 creatures vanquished.

Notes
Turn   | Place    | Note
-------+----------+-------------------------------------------
     0 | D        | sircluck the Hill Orc Fighter began the quest for the Orb.
     0 | D        | Reached XP level 1. HP: 19/19 MP: 1/1
    81 | D        | Reached XP level 2. HP: 5/28 MP: 2/2
   182 | D        | Noticed Crazy Yiuf
   189 | D        | HP: 1/28 [Crazy Yiuf/+2 quarterstaff of chaos (2)]
   189 | D        | Slain by Crazy Yiuf

Illustrated notes

Levels and vault maps discovered:
D:        dungeon_sprint_mu [sprint_mu_entry_forest, sprint_mu_temple_rooms,
          sprint_mu_d1_spiders, sprint_mu_d2_genie, sprint_mu_d3_branching,
          sprint_mu_orc_legion, sprint_mu_elf_gauntlet, sprint_mu_hive_nellie,
          sprint_mu_lair_fedhas, sprint_mu_vaults_butterflies,
          sprint_mu_slime_circle, sprint_mu_swamp_cave, sprint_mu_shoals_archi,
          sprint_mu_blade_basic, sprint_mu_crypt_lich, sprint_mu_tomb_spiral,
          sprint_mu_vestibule_basic, sprint_mu_gehenna_hellfire,
          sprint_mu_dis_giant, sprint_mu_tartarus_statrot,
          sprint_mu_cocytus_islands, sprint_mu_zot1]

Skill      XL: |  1 |
---------------+----+-----
Fighting       | 4 |  4.9
Axes           | 4 |  4.1
Armour         | 4 |  4.5
Shields        | 4 |  4.4
Dodging        | |  0.2

Action                     || total
---------------------------++-------
  Melee: War axe           ||    23
    Use: Potion            ||     1
 Armour: Scale mail        ||     6
  Dodge: Dodged            ||    12
  Block: Buckler           ||     2

Table legend: (Time is in decaauts)
 A = Elapsed time spent in this place.
 B = Non-inter-level travel time spent in this place.
 C = Inter-level travel time spent in this place.
 D = Time resting spent in this place.
 E = Time spent auto-exploring this place.
 F = Levels seen in this place.
 G = Mean time per level.
                   A        B        C        D        E       F      G
               +--------+--------+--------+--------+--------+-----+--------+
         Total |    197 |    197 |      0 |      4 |    144 |   1 |  197.0 |
       Dungeon |    197 |    197 |      0 |      4 |    144 |   1 |  197.0 |
               +--------+--------+--------+--------+--------+-----+--------+

Top non-repeatable levels by time:
       D: 197 daAuts
